Map: 中心协议

Players

Flawless - Winner!

  • Race: Protoss Protoss
  • League: Gold

shengy

  • Race: Zerg Zerg
  • League: Platinum

VOD

Have the link to the VOD?

Description

Time

  • Played on: Dec. 31, 2015, 10:58 p.m.
  • Length: 16:19
Show
View Real Time Build Order
Export as new Build Order

Flawless Protoss - Winner!

Build Orders:  

Get SALT Encoding   

  12  0:01  Probe (Chrono Boost)  
  13  0:11  Probe (Chrono Boost)  
  14  0:22  Probe (Chrono Boost)  
  15  0:32  Pylon  
  15  0:50  Probe (Chrono Boost)  
  15  0:51  Gateway  
  16  1:00  Forge  
  16  1:12  Pylon  
  16  1:15  Probe (Chrono Boost)  
  16  1:17  Assimilator  
  17  1:26  Probe (Chrono Boost)  
  18  1:35  Photon Cannon  
  18  1:48  Nexus  
  18  1:54  Zealot (Chrono Boost)  
  20  2:03  Pylon  
  20  2:06  Probe  
  21  2:18  Probe  
  22  2:28  Assimilator  
  22  2:30  Cybernetics Core  
  22  2:31  Probe  
  23  2:39  Pylon  
  23  2:50  Photon Cannon  
  23  2:52  Pylon  
  23  2:55  Probe  
  24  3:07  Probe (Chrono Boost), Mothership Core (Chrono Boost)  
  27  3:19  Warp Gate, Probe (Chrono Boost)  
  28  3:27  Probe (Chrono Boost)  
  29  3:29  Probe (Chrono Boost)  
  29  3:30  Pylon  
  30  3:37  Probe (Chrono Boost), Adept  
  30  3:40  Probe (Chrono Boost)  
  34  3:48  Probe (Chrono Boost)  
  35  3:50  Stargate  
  35  3:51  Probe (Chrono Boost)  
  36  3:58  Probe (Chrono Boost)  
  36  4:01  Pylon, Probe (Chrono Boost)  
  38  4:07  Pylon  
  38  4:09  Probe (Chrono Boost)  
  39  4:12  Probe (Chrono Boost)  
  40  4:19  Probe (Chrono Boost)  
  40  4:22  Protoss Ground Weapons Level 1, Probe (Chrono Boost)  
  42  4:29  Probe (Chrono Boost)  
  43  4:33  Probe (Chrono Boost), Oracle (Chrono Boost)  
  47  4:39  Probe  
  47  4:41  Assimilator  
  47  4:44  Photon Cannon  
  47  4:45  Probe  
  49  4:46  Assimilator  
  49  4:49  Probe  
  50  4:57  Gateway, Probe  
  49  5:00  Probe  
  49  5:09  Probe  
  49  5:10  Probe  
  49  5:13  Oracle (Chrono Boost)  
  37  5:36  Zealot  
  37  6:14  Probe  
  37  6:15  Probe  
  39  6:25  Photon Cannon, Probe  
  39  6:28  Probe  
  41  6:35  Probe  
  42  6:40  Probe  
  43  6:52  Probe  
  44  6:55  Probe  
  44  7:00  Void Ray (Chrono Boost)  
  44  7:01  Gateway  
  49  7:05  Gateway  
  49  7:07  Pylon, Gateway  
  49  7:10  Robotics Facility  
  49  7:13  Gateway  
  49  7:14  Pylon, Stalker  
  49  7:15  Stalker  
  47  7:43  Zealot x2  
  26  7:55  Probe  
  26  7:56  Probe  
  26  8:05  Probe  
  26  8:08  Probe  
  28  8:16  Probe  
  27  8:20  Probe  
  27  8:26  Probe  
  28  8:29  Photon Cannon  
  28  8:32  Probe  
  28  8:33  Photon Cannon  
  30  8:37  Probe  
  31  8:41  Photon Cannon  
  31  8:43  Pylon  
  31  8:44  Probe  
  31  8:47  Probe  
  32  8:55  Zealot  
  35  8:56  Probe  
  35  8:58  Probe  
  37  9:04  Observer  
  37  9:08  Probe (Chrono Boost)  
  37  9:09  Probe (Chrono Boost)  
  40  9:20  Probe (Chrono Boost)  
  40  9:21  Probe (Chrono Boost)  
  42  9:31  Probe x2 (Chrono Boost)  
  44  9:34  Stalker x2  
  44  9:35  Stalker  
  50  9:41  Probe (Chrono Boost)  
  50  9:42  Probe (Chrono Boost)  
  50  9:44  Stalker  
  52  10:10  Stalker x2  
  52  10:11  Stalker  
  52  10:13  Stalker x2  
  44  10:36  Stalker  
  44  10:38  Probe (Chrono Boost)  
  44  10:39  Probe (Chrono Boost)  
  48  10:49  Probe x2 (Chrono Boost)  
  50  10:59  Probe (Chrono Boost)  
  50  11:00  Probe (Chrono Boost)  
  50  11:03  Nexus  
  52  11:10  Pylon, Probe x2 (Chrono Boost)  
  54  11:20  Probe (Chrono Boost)  
  54  11:21  Probe (Chrono Boost)  
  56  11:27  Stalker x2  
  56  11:29  Zealot  
  56  11:30  Zealot  
  56  11:31  Probe x2 (Chrono Boost), Zealot  
  57  11:41  Probe (Chrono Boost)  
  57  11:42  Probe (Chrono Boost)  
  44  12:18  Stalker  
  44  12:20  Zealot  
  44  12:21  Zealot x3  
  42  12:44  Probe (Chrono Boost)  
  43  12:55  Probe (Chrono Boost)  
  40  13:17  Assimilator  
  40  13:21  Assimilator  
  38  13:30  Nexus  
  38  13:31  Pylon  
  33  13:41  Pylon  
  37  14:00  Mothership Core  
  37  14:01  Pylon  
  37  14:07  Pylon  
  37  14:09  Pylon  
  38  14:10  Pylon  
  37  14:41  Forge  
  37  14:42  Cybernetics Core  
  37  14:43  Gateway  
  37  14:45  Pylon  
  37  14:49  Pylon  
  37  15:06  Pylon, Probe  
  37  15:09  Probe  
  39  15:16  Probe  
  39  15:19  Probe  
  37  15:27  Probe  
  37  15:30  Probe  
  37  15:35  Pylon  
  38  15:37  Pylon, Probe  
  38  15:40  Probe  
  40  15:46  Photon Cannon  
  40  15:48  Photon Cannon, Probe  
  40  15:49  Photon Cannon  
  41  15:51  Photon Cannon, Probe  
  41  15:53  Photon Cannon  
  42  15:58  Stalker  
  42  16:03  Pylon  
  44  16:16  Pylon  
Show
View Real Time Build Order
Export as new Build Order

shengy Zerg 

Build Orders: Pool First, Zergling Baneling 

Get SALT Encoding   

  12  0:00  Drone  
  13  0:08  Drone  
  14  0:16  Overlord  
  14  0:30  Extractor  
  14  0:31  Drone  
  14  0:35  Drone x2  
  17  0:47  Spawning Pool  
  16  0:50  Drone  
  17  0:58  Drone  
  18  1:20  Hatchery  
  17  1:33  Extractor, Overlord  
  17  1:34  Zergling x2  
  17  1:35  Zergling x2  
  18  1:43  Queen  
  20  2:14  Overlord  
  20  2:15  Drone x2  
  22  2:21  Queen  
  24  2:29  Baneling Nest  
  23  2:31  Drone, Evolution Chamber  
  23  2:34  Drone  
  24  2:39  Drone  
  24  2:43  Drone  
  26  2:48  Drone  
  27  3:09  Zergling x2  
  27  3:10  Zergling x8  
  32  3:21  Zergling x4  
  34  3:29  Metabolic Boost  
  34  3:31  Zergling x8  
  34  3:32  Zergling x2  
  39  3:55  Zergling x10  
  44  4:02  Overlord  
  44  4:03  Overlord  
  44  4:06  Baneling x6  
  44  4:14  Baneling  
  44  4:24  Baneling  
  44  4:28  Zergling x12  
  50  4:37  Overlord  
  50  4:38  Zergling x2  
  50  4:39  Zergling x2  
  52  4:45  Baneling x2  
  42  5:13  Baneling x3  
  27  5:55  Spore Crawler  
  25  5:57  Spore Crawler  
  25  6:00  Zergling x2  
  25  6:01  Zergling x22  
  34  6:11  Queen  
  34  6:26  Overlord  
  34  6:29  Drone x3  
  34  6:30  Drone x4  
  34  6:31  Roach Warren  
  40  6:33  Extractor  
  40  6:37  Baneling x6  
  40  6:38  Baneling x3  
  39  6:42  Zergling x4  
  39  6:44  Zergling x2  
  42  6:56  Zergling x8  
  36  7:40  Zergling x12  
  35  8:03  Roach  
  35  8:04  Roach x5  
  45  8:12  Spore Crawler  
  38  8:30  Roach x4  
  46  8:38  Extractor  
  45  8:50  Overlord  
  45  8:51  Zergling x2  
  45  8:52  Zergling x10  
  51  8:56  Ravager x2  
  53  9:08  Ravager  
  54  9:11  Zergling x4  
  54  9:12  Zergling x4  
  58  9:24  Baneling x5  
  58  9:27  Zergling x10  
  63  9:40  Ravager  
  63  9:42  Ravager  
  32  10:32  Roach x11  
  49  10:58  Queen  
  49  11:02  Zergling x2  
  52  11:12  Drone  
  53  11:51  Spine Crawler  
  53  11:52  Spine Crawler  
  51  12:01  Roach x2  
  51  12:11  Zergling x2  
  52  12:17  Zergling x2  
  43  12:44  Ravager x4  
  38  13:10  Zergling x2  
  38  13:11  Zergling x6  
  38  13:42  Drone x2  
  38  13:44  Spore Crawler  
  39  14:13  Zergling x2  
  40  14:32  Drone x4  
  32  15:56  Drone x4  
Tags
 
Add a new tag
Caveats
  • Supply blocks, unpowered buildings, or Contaminate may cause inaccurate times.
  • Supply counts are checked every 10 seconds.